General information
- name: BNet
- type: Ladder team game (AT/RT)
- host: Battle.net
- saver: CCCCCC
map: Deadlands
- players: 8
- length: 52:31
- speed: Fast
- version: 1.26 W3XP
- replay type: Public
» download(309 KB)
Players
team 1 (loser)
Blendwerk (
yellow | 100 APM | 5247 actions | 52:30)
10 Archmage
3 Summon Water Elemental
3 Brilliance Aura
1 Mass Teleport
3 Blizzard
» actions
| Assign group hotkey | 87 | |
| Basic commands | 115 | |
| Build / train | 226 | |
| ESC pressed | 10 | |
| Enter build submenu | 97 | |
| Enter hero's abilities submenu | 9 | |
| Give item / drop item | 9 | |
| Right click | 2395 | |
| Select / deselect | 855 | |
| Select group hotkey | 1133 | |
| Use ability | 311 | |
5247 total
» units
| Peasant | 25 | |
| Footman | 16 | |
| Goblin Shredder | 3 | |
| Gryphon Rider | 16 | |
| Dragonhawk Rider | 5 | |
| Troll Headhunter/Berserker | 3 | |
| Siege Engine | 4 | |
72 total
» upgrades
| Defend | 1 | |
| Masonry | 3 | |
| Swords | 3 | |
| Lumber Harvesting | 2 | |
| Armor | 3 | |
| Storm Hammers | 1 | |
| Cloud | 1 | |
| Animal War Training | 1 | |
| Spiked Barricades | 3 | |
| Magic Sentry | 1 | |
| Sorceress Training | 1 | |
| Plating | 3 | |
| Gunpowder | 4 | |
| Reinforced Defenses | 1 | |
| Flak Cannons | 1 | |
| Flying Machine Bombs | 1 | |
| Barrage | 1 | |
| Fragmentation Shards | 1 | |
| Flare | 1 | |
| Backpack | 1 | |
| Ranged Weapons | 1 | |
35 total
» buildings
| Altar of Kings | 2 | |
| Barracks | 1 | |
| Farm | 19 | |
| Arcane Vault | 2 | |
| Town Hall | 4 | |
| Scout Tower | 40 | |
| Arcane Tower | 4 | |
| Lumber Mill | 2 | |
| Keep | 4 | |
| Blacksmith | 1 | |
| Guard Tower | 45 | |
| Castle | 3 | |
| Gryphon Aviary | 6 | |
| Arcane Sanctum | 1 | |
| Stronghold | 4 | |
| Fortress | 4 | |
| Watch Tower | 5 | |
| Workshop | 4 | |
151 total
» build order
00:11 Altar of Kings
00:12 Barracks
00:15 Farm
00:57 Farm
01:38 Farm
02:07 Arcane Vault
03:11 Farm
03:48 Town Hall
04:30 Farm
04:52 Scout Tower
05:19 Arcane Tower
06:05 Lumber Mill
06:16 Keep
06:40 Blacksmith
06:45 Scout Tower
06:54 Scout Tower
06:56 Scout Tower
07:17 Guard Tower
07:20 Scout Tower
07:48 Guard Tower
07:48 Guard Tower
08:03 Scout Tower
08:06 Scout Tower
08:09 Scout Tower
08:33 Guard Tower
08:34 Guard Tower
08:35 Guard Tower
08:35 Guard Tower
08:39 Scout Tower
08:40 Scout Tower
08:42 Scout Tower
09:09 Farm
09:13 Guard Tower
09:14 Guard Tower
09:17 Guard Tower
09:17 Guard Tower
10:17 Castle
10:17 Castle
10:41 Scout Tower
10:46 Scout Tower
10:51 Gryphon Aviary
11:24 Gryphon Aviary
11:27 Guard Tower
12:09 Gryphon Aviary
12:11 Gryphon Aviary
12:18 Farm
13:42 Farm
13:58 Scout Tower
14:02 Scout Tower
14:44 Guard Tower
14:49 Gryphon Aviary
14:53 Gryphon Aviary
15:06 Guard Tower
15:11 Scout Tower
15:12 Scout Tower
15:14 Scout Tower
15:31 Farm
15:56 Guard Tower
16:24 Scout Tower
16:25 Scout Tower
16:28 Scout Tower
16:31 Scout Tower
16:33 Scout Tower
16:48 Scout Tower
16:53 Scout Tower
16:57 Guard Tower
16:57 Guard Tower
16:58 Guard Tower
16:58 Guard Tower
16:58 Guard Tower
17:01 Guard Tower
17:01 Guard Tower
17:05 Guard Tower
18:21 Scout Tower
18:22 Scout Tower
18:31 Scout Tower
18:47 Lumber Mill
18:49 Scout Tower
19:17 Arcane Sanctum
19:32 Guard Tower
20:20 Stronghold
20:21 Stronghold
20:30 Guard Tower
20:30 Guard Tower
20:49 Keep
20:49 Keep
22:06 Scout Tower
22:07 Scout Tower
22:08 Scout Tower
22:10 Scout Tower
22:15 Scout Tower
22:18 Scout Tower
22:19 Scout Tower
22:24 Scout Tower
22:36 Guard Tower
22:38 Guard Tower
22:38 Guard Tower
22:43 Guard Tower
22:43 Guard Tower
22:58 Fortress
22:58 Fortress
23:07 Watch Tower
23:10 Watch Tower
23:14 Watch Tower
23:24 Scout Tower
23:26 Guard Tower
23:26 Guard Tower
25:10 Arcane Tower
25:10 Arcane Tower
25:12 Farm
25:12 Farm
25:29 Watch Tower
25:45 Workshop
25:45 Workshop
25:48 Workshop
25:49 Workshop
28:28 Watch Tower
30:08 Farm
30:08 Farm
30:09 Farm
30:11 Farm
31:22 Town Hall
31:43 Town Hall
34:40 Scout Tower
34:43 Scout Tower
36:10 Guard Tower
36:11 Guard Tower
41:16 Town Hall
44:41 Altar of Kings
46:10 Farm
46:39 Arcane Vault
47:03 Farm
52:08 Farm
52:08 Farm
» items
| Scroll of Regeneration | 10 | |
| Staff of Sanctuary | 1 | |
| Scroll of Town Portal | 2 | |
| Potion of Healing | 2 | |
| Mechanical Critter | 5 | |
20 total
LordBird (
orange | 24 APM | 1090 actions | 45:07)
4 Lich
2 Frost Nova
2 Frost Armor
2 Death Knight
1 Unholy Aura
1 Death Coil
1 Crypt Lord
1 Carrion Beetles
» actions
| Assign group hotkey | 13 | |
| Build / train | 47 | |
| Enter build submenu | 28 | |
| Enter hero's abilities submenu | 7 | |
| Right click | 461 | |
| Select / deselect | 326 | |
| Select group hotkey | 171 | |
| Use ability | 37 | |
1090 total
» units
| Acolyte | 3 | |
| Ghoul | 6 | |
| Crypt Fiend | 5 | |
| Gargoyle | 1 | |
| Frost Wyrm | 5 | |
| Abomination | 1 | |
| Troll Headhunter/Berserker | 7 | |
| Grunt | 1 | |
29 total
» buildings
| Ziggurat | 7 | |
| Crypt | 2 | |
| Altar of Darkness | 1 | |
| Graveyard | 1 | |
| Halls of the Dead | 1 | |
| Spirit Tower | 6 | |
| Sacrificial Pit | 1 | |
| Black Citadel | 1 | |
| Slaughterhouse | 1 | |
| Boneyard | 2 | |
23 total
» build order
00:23 Ziggurat
00:27 Ziggurat
01:02 Crypt
01:34 Altar of Darkness
02:08 Graveyard
02:52 Ziggurat
03:09 Crypt
03:40 Ziggurat
04:02 Ziggurat
04:59 Halls of the Dead
05:55 Spirit Tower
05:59 Spirit Tower
06:27 Spirit Tower
08:06 Sacrificial Pit
08:17 Black Citadel
08:35 Ziggurat
08:37 Spirit Tower
09:10 Ziggurat
09:47 Spirit Tower
10:14 Slaughterhouse
10:45 Boneyard
10:52 Boneyard
12:04 Spirit Tower
iamarenegade (
purple | 45 APM | 919 actions | 20:16)
4 Blademaster
1 Wind Walk
2 Mirror Image
1 Critical Strike
3 Tauren Chieftain
1 Endurance Aura
2 War Stomp
1 Shadow Hunter
1 Healing Wave
» actions
| Build / train | 61 | |
| Enter build submenu | 14 | |
| Enter hero's abilities submenu | 8 | |
| Give item / drop item | 1 | |
| Right click | 572 | |
| Select / deselect | 222 | |
| Use ability | 41 | |
919 total
» units
| Peon | 16 | |
| Troll Headhunter/Berserker | 11 | |
| Shaman | 7 | |
34 total
» upgrades
| Ranged Weapons | 2 | |
| Troll Regeneration | 1 | |
| Shaman Training | 2 | |
| Berserker Upgrade | 1 | |
| Armor | 3 | |
9 total
» buildings
| Altar of Storms | 1 | |
| Orc Burrow | 7 | |
| War Mill | 1 | |
| Barracks | 1 | |
| Stronghold | 1 | |
| Voodoo Lounge | 1 | |
| Fortress | 1 | |
| Spirit Lodge | 1 | |
| Great Hall | 2 | |
16 total
» build order
00:13 Altar of Storms
00:24 Orc Burrow
01:21 War Mill
01:45 Barracks
02:07 Orc Burrow
02:52 Stronghold
04:08 Orc Burrow
04:14 Voodoo Lounge
04:50 Orc Burrow
05:54 Fortress
05:58 Spirit Lodge
09:48 Great Hall
10:21 Orc Burrow
11:34 Orc Burrow
13:45 Orc Burrow
17:24 Great Hall
» items
| Healing Salve | 2 | |
| Orb of Lightning | 2 | |
| Scroll of Town Portal | 1 | |
5 total

»
Moughz (
pink | 35 APM | 1104 actions | 31:14)
5 Dark Ranger
2 Black Arrow
2 Life Drain
1 Silence
1 Shadow Hunter
1 Hex
1 Blademaster
1 Critical Strike
» actions
| Assign group hotkey | 36 | |
| Build / train | 60 | |
| Enter build submenu | 20 | |
| Enter hero's abilities submenu | 7 | |
| Remove unit from queue | 2 | |
| Right click | 490 | |
| Select / deselect | 270 | |
| Select group hotkey | 153 | |
| Use ability | 66 | |
1104 total
» units
| Acolyte | 2 | |
| Ghoul | 4 | |
| Crypt Fiend | 12 | |
| Frost Wyrm | 5 | |
| Troll Headhunter/Berserker | 3 | |
| Troll Batrider | 3 | |
29 total
» upgrades
| Creature Attack | 3 | |
| Creature Carapace | 2 | |
| Web | 1 | |
| Freezing Breath | 1 | |
7 total
» buildings
| Ziggurat | 8 | |
| Altar of Darkness | 1 | |
| Graveyard | 2 | |
| Nerubian Tower | 3 | |
| Crypt | 1 | |
| Spirit Tower | 3 | |
| Tomb of Relics | 1 | |
| Halls of the Dead | 1 | |
| Black Citadel | 1 | |
| Sacrificial Pit | 1 | |
| Boneyard | 2 | |
| Beastiary | 2 | |
| Orc Burrow | 3 | |
29 total
» build order
00:26 Ziggurat
00:31 Ziggurat
00:36 Altar of Darkness
01:11 Graveyard
01:25 Nerubian Tower
01:41 Ziggurat
01:51 Nerubian Tower
04:11 Crypt
04:22 Spirit Tower
04:59 Tomb of Relics
05:09 Spirit Tower
05:36 Ziggurat
06:54 Halls of the Dead
07:28 Nerubian Tower
08:31 Ziggurat
08:33 Ziggurat
08:38 Ziggurat
08:39 Ziggurat
09:47 Black Citadel
09:52 Sacrificial Pit
10:36 Spirit Tower
10:40 Nerubian Tower
10:42 Spirit Tower
12:23 Boneyard
12:27 Boneyard
15:34 Graveyard
27:10 Beastiary
27:13 Beastiary
27:18 Orc Burrow
27:22 Orc Burrow
28:44 Orc Burrow
» items
| Rod of Necromancy | 1 | |
| Scroll of Healing | 1 | |
| Sacrificial Skull | 1 | |
| Scroll of Town Portal | 1 | |
4 total
team 2 (winner)
CCCCCC (
teal | 66 APM | 3444 actions | 52:31)
9 Archmage
3 Summon Water Elemental
3 Brilliance Aura
1 Mass Teleport
2 Blizzard
» actions
| Assign group hotkey | 313 | |
| Basic commands | 332 | |
| Build / train | 105 | |
| Enter build submenu | 65 | |
| Enter hero's abilities submenu | 11 | |
| Give item / drop item | 5 | |
| Remove unit from queue | 4 | |
| Right click | 1060 | |
| Select / deselect | 570 | |
| Select group hotkey | 812 | |
| Use ability | 167 | |
3444 total
» units
| Peasant | 12 | |
| Footman | 4 | |
| Goblin Shredder | 3 | |
| Gryphon Rider | 14 | |
| Dragonhawk Rider | 7 | |
40 total
» upgrades
| Lumber Harvesting | 1 | |
| Storm Hammers | 1 | |
| Swords | 3 | |
| Armor | 3 | |
| Masonry | 3 | |
| Animal War Training | 1 | |
| Cloud | 1 | |
| Magic Sentry | 1 | |
14 total
» buildings
| Altar of Kings | 1 | |
| Barracks | 1 | |
| Farm | 12 | |
| Arcane Vault | 2 | |
| Keep | 1 | |
| Lumber Mill | 2 | |
| Town Hall | 5 | |
| Scout Tower | 27 | |
| Arcane Tower | 3 | |
| Guard Tower | 7 | |
| Castle | 1 | |
| Gryphon Aviary | 6 | |
| Blacksmith | 2 | |
| Arcane Sanctum | 1 | |
71 total
» build order
00:40 Altar of Kings
00:41 Barracks
00:53 Farm
01:07 Farm
02:37 Farm
02:41 Arcane Vault
03:59 Keep
04:15 Lumber Mill
05:13 Town Hall
05:22 Scout Tower
05:27 Scout Tower
05:29 Scout Tower
05:32 Scout Tower
05:33 Scout Tower
05:47 Farm
05:49 Farm
06:11 Arcane Tower
06:12 Guard Tower
06:28 Castle
06:40 Scout Tower
07:14 Gryphon Aviary
07:14 Gryphon Aviary
08:00 Farm
08:09 Blacksmith
08:15 Blacksmith
08:18 Gryphon Aviary
08:49 Lumber Mill
08:51 Gryphon Aviary
09:35 Guard Tower
11:39 Town Hall
11:43 Scout Tower
11:43 Scout Tower
11:43 Scout Tower
11:46 Scout Tower
11:48 Scout Tower
11:48 Scout Tower
11:48 Scout Tower
11:49 Scout Tower
11:50 Scout Tower
11:50 Scout Tower
11:51 Scout Tower
11:51 Scout Tower
11:55 Scout Tower
12:17 Farm
12:19 Farm
12:20 Farm
12:22 Farm
12:22 Farm
12:22 Farm
12:46 Guard Tower
13:10 Guard Tower
14:54 Guard Tower
14:55 Arcane Tower
14:59 Scout Tower
15:00 Scout Tower
15:00 Scout Tower
15:00 Scout Tower
15:02 Scout Tower
15:02 Scout Tower
15:02 Scout Tower
15:03 Scout Tower
16:00 Arcane Vault
17:01 Guard Tower
19:15 Arcane Sanctum
22:30 Town Hall
25:50 Gryphon Aviary
25:50 Gryphon Aviary
31:11 Guard Tower
31:17 Arcane Tower
33:01 Town Hall
37:51 Town Hall
» items
| Scroll of Regeneration | 7 | |
| Scroll of Town Portal | 5 | |
| Ivory Tower | 4 | |
| Orb of Corruption | 1 | |
| Potion of Healing | 1 | |
| Mechanical Critter | 2 | |
| Periapt of Vitality | 2 | |
| Potion of Lesser Invulnerability | 1 | |
| Staff of Teleportation | 1 | |
24 total
teafish (
red | 142 APM | 6023 actions | 42:32)
9 Archmage
3 Summon Water Elemental
3 Brilliance Aura
1 Mass Teleport
2 Blizzard
8 Mountain King
3 Storm Bolt
3 Thunder Clap
1 Avatar
1 Bash
» actions
| Assign group hotkey | 51 | |
| Basic commands | 618 | |
| Build / train | 180 | |
| Enter build submenu | 26 | |
| Enter hero's abilities submenu | 17 | |
| Give item / drop item | 8 | |
| Remove unit from queue | 5 | |
| Right click | 967 | |
| Select / deselect | 711 | |
| Select group hotkey | 3222 | |
| Use ability | 215 | |
6023 total
» units
| Peasant | 13 | |
| Rifleman | 15 | |
| Flying Machine | 13 | |
| Mortar Team | 3 | |
44 total
» upgrades
| Gunpowder | 3 | |
| Armor | 3 | |
| Lumber Harvesting | 2 | |
| Backpack | 1 | |
| Masonry | 3 | |
| Long Rifles | 1 | |
| Flak Cannons | 1 | |
| Flying Machine Bombs | 1 | |
| Plating | 3 | |
| Fragmentation Shards | 1 | |
| Flare | 1 | |
20 total
» buildings
| Altar of Kings | 1 | |
| Farm | 10 | |
| Blacksmith | 1 | |
| Barracks | 2 | |
| Arcane Vault | 1 | |
| Scout Tower | 6 | |
| Arcane Tower | 3 | |
| Keep | 2 | |
| Lumber Mill | 1 | |
| Town Hall | 2 | |
| Guard Tower | 6 | |
| Castle | 3 | |
| Workshop | 3 | |
41 total
» build order
00:56 Altar of Kings
01:40 Farm
01:43 Farm
01:45 Blacksmith
01:48 Barracks
02:01 Arcane Vault
02:09 Scout Tower
02:25 Farm
02:50 Arcane Tower
02:50 Arcane Tower
02:51 Arcane Tower
03:09 Farm
04:22 Farm
04:38 Barracks
06:33 Keep
06:33 Keep
07:20 Lumber Mill
07:35 Town Hall
09:03 Scout Tower
09:05 Scout Tower
09:06 Scout Tower
09:08 Scout Tower
10:53 Scout Tower
10:55 Guard Tower
10:55 Guard Tower
10:56 Guard Tower
11:31 Guard Tower
11:32 Guard Tower
11:41 Farm
11:43 Farm
12:07 Farm
13:41 Castle
13:41 Castle
19:06 Workshop
19:12 Workshop
21:54 Farm
21:56 Farm
22:33 Workshop
27:06 Town Hall
» items
| Lesser Clarity Potion | 1 | |
| Scroll of Regeneration | 7 | |
| Scroll of Town Portal | 5 | |
| Periapt of Vitality | 1 | |
| Potion of Healing | 4 | |
| Orb of Fire | 1 | |
| Staff of Sanctuary | 1 | |
20 total

»
oldboy (
green | 20 APM | 929 actions | 47:12)
9 Lich
3 Frost Nova
3 Frost Armor
1 Death and Decay
2 Dark Ritual
» actions
| Basic commands | 11 | |
| Build / train | 74 | |
| Enter build submenu | 11 | |
| Enter hero's abilities submenu | 9 | |
| Give item / drop item | 3 | |
| Right click | 350 | |
| Select / deselect | 396 | |
| Use ability | 75 | |
929 total
» units
| Acolyte | 2 | |
| Ghoul | 2 | |
| Crypt Fiend | 35 | |
| Obsidian Statue | 4 | |
43 total
» upgrades
| Creature Attack | 3 | |
| Creature Carapace | 3 | |
| Web | 1 | |
7 total
» buildings
| Graveyard | 1 | |
| Ziggurat | 4 | |
| Altar of Darkness | 1 | |
| Tomb of Relics | 1 | |
| Crypt | 1 | |
| Nerubian Tower | 1 | |
| Spirit Tower | 1 | |
| Halls of the Dead | 1 | |
| Slaughterhouse | 1 | |
| Black Citadel | 1 | |
13 total
» build order
00:16 Graveyard
00:27 Ziggurat
00:32 Altar of Darkness
01:10 Tomb of Relics
01:33 Crypt
01:49 Ziggurat
02:01 Nerubian Tower
02:47 Spirit Tower
04:43 Halls of the Dead
05:11 Ziggurat
07:11 Slaughterhouse
07:22 Ziggurat
10:54 Black Citadel
» items
| Rod of Necromancy | 1 | |
| Potion of Healing | 4 | |
| Scroll of Town Portal | 5 | |
10 total
Demon_Quebecois (
blue | 14 APM | 712 actions | 52:30)
» actions
| Assign group hotkey | 7 | |
| Basic commands | 11 | |
| Build / train | 62 | |
| Enter build submenu | 18 | |
| Right click | 221 | |
| Select / deselect | 238 | |
| Select group hotkey | 132 | |
| Use ability | 23 | |
712 total
» units
| Peasant | 14 | |
| Flying Machine | 36 | |
50 total
» upgrades
| Gunpowder | 3 | |
| Flak Cannons | 1 | |
| Flying Machine Bombs | 1 | |
| Masonry | 2 | |
| Plating | 3 | |
10 total
» buildings
| Farm | 11 | |
| Lumber Mill | 2 | |
| Keep | 1 | |
| Altar of Kings | 1 | |
| Blacksmith | 1 | |
| Workshop | 3 | |
| Castle | 1 | |
20 total
» build order
00:35 Farm
01:20 Lumber Mill
01:34 Farm
02:57 Keep
03:04 Altar of Kings
03:54 Blacksmith
04:38 Farm
05:23 Workshop
05:32 Workshop
05:51 Workshop
06:00 Castle
06:10 Farm
06:52 Farm
07:49 Farm
08:59 Farm
10:06 Farm
10:50 Farm
12:05 Farm
19:39 Farm
19:47 Lumber Mill
Chat log
(00:24 / All) Blendwerk: CCCCCCCP! The enemy is a Russian spy, watch out!
(01:49 / Allies) Demon_Quebecois: MASS COPTERS...FEEL LIKE IT
(02:03 / Allies) teafish: great
(02:44 / Allies) Demon_Quebecois: i good at it dont worry.....i knw sme nobs do it n its shitty but.........
(02:54 / Allies) Demon_Quebecois: sry my ooooooooo is stuck
(07:18 / Allies) CCCCCC: wood plez
(07:37 / Allies) CCCCCC: wooid plz
(07:44 / Allies) teafish: i have none
(07:54 / Allies) Demon_Quebecois: neither
(08:17 / Allies) Demon_Quebecois: we all low on wood
(11:15 / All) Blendwerk: hahaha
(11:33 / All) Blendwerk: sick tp
(11:43 / Allies) Demon_Quebecois: if they hit with air ima rape em....so u guys will counter
(13:27 / Allies) Demon_Quebecois: i got 3 packs of 12 copters
(13:56 / Allies) CCCCCC: tp
(14:08 / Allies) CCCCCC: tp ajnd I will
(14:12 / Allies) teafish: COME
(14:21 / Allies) Demon_Quebecois: im air n its aa....
(14:35 / Allies) Demon_Quebecois: ima hit sooon
(14:38 / All) Blendwerk: did you go lich only? lol!
(15:40 / Allies) Demon_Quebecois: 48
(17:01 / Allies) Demon_Quebecois: lolllll i wus untouched lollll
(17:11 / All) CCCCCC: ARE YOU AN ANGEL?
(17:14 / Allies) teafish: should hit now
(17:16 / All) CCCCCC: ARE YOU AN AAANNNGEELLL??
(18:01 / All) CCCCCC: lawl my tp almost got fucked up lopl
(18:20 / Allies) teafish: go hit now plz
(19:24 / Allies) Demon_Quebecois: ima go hit yellows hall n griffs
(21:03 / Allies) CCCCCC: ?
(21:12 / All) Demon_Quebecois: looooooool
(21:23 / All) Blendwerk: can't believe I held that
(21:24 / All) Blendwerk: wow
(21:29 / All) Demon_Quebecois: wooooooooooow man
(21:37 / All) LordBird: shits weak
(22:44 / Allies) CCCCCC: CHARGE GENTLEMEN
(22:58 / Allies) Demon_Quebecois: ???
(23:00 / Allies) teafish: cloud?
(23:01 / Allies) Demon_Quebecois: y hit pink
(23:25 / Allies) Demon_Quebecois: then cut right in pinks base
(24:56 / Allies) Demon_Quebecois: teal cni have lil gold plz fr a hall
(25:22 / Allies) CCCCCC: uhm I'm rich banksta apparently
(25:31 / Allies) Demon_Quebecois: 9k.....
(25:40 / Allies) Demon_Quebecois: 3 gold mines...
(25:54 / Allies) Demon_Quebecois: i need a hall n more planes
(27:10 / Allies) Demon_Quebecois: teal gold plz
(27:29 / Allies) CCCCCC: hang on a sec
(29:31 / Allies) Demon_Quebecois: bats
(29:48 / All) CCCCCC: well used
(31:31 / All) Blendwerk: sup
(31:32 / Allies) Demon_Quebecois: hey teal gold plz
(31:47 / Allies) Demon_Quebecois: or red...js fr a hall
(31:50 / Allies) CCCCCC: when I get back
(31:54 / Allies) CCCCCC: I got a bun in the oven
(31:55 / Allies) CCCCCC: brb
(32:10 / Allies) Demon_Quebecois: fuckn morn
(32:21 / All) CCCCCC: i spilled some of my RALLY'S FRIES
(32:25 / All) CCCCCC: this is a disaster
(33:32 / Allies) Demon_Quebecois: TEAL
(33:52 / Allies) Demon_Quebecois: U FUCKN GREEDY MORON...ill screw ur game
(34:11 / Allies) Demon_Quebecois: <
(34:11 / Allies) Demon_Quebecois:
(34:11 / Allies) Demon_Quebecois:
(34:11 / Allies) Demon_Quebecois:
(34:12 / Allies) CCCCCC: lawl
(34:12 / Allies) Demon_Quebecois:
(34:13 / Allies) Demon_Quebecois: hryy
(34:13 / Allies) Demon_Quebecois: hyd b
(34:14 / Allies) Demon_Quebecois: yt
(34:14 / Allies) Demon_Quebecois: hvt
(34:15 / Allies) Demon_Quebecois: hv
(34:16 / Allies) Demon_Quebecois: hh
(34:17 / Allies) Demon_Quebecois: ghhghy
(34:17 / Allies) Demon_Quebecois: yg
(34:18 / Allies) Demon_Quebecois: g
(34:18 / Allies) Demon_Quebecois: g
(34:18 / Allies) Demon_Quebecois: yg
(34:21 / Allies) Demon_Quebecois: fnjhjjyt
(34:22 / Allies) CCCCCC: nice one
(34:25 / Allies) Demon_Quebecois: gffffffffffgggggggggggggggggggggggggggggggggggggggggggggggg
(34:28 / Allies) Demon_Quebecois: ggggggggggggggggggggggggggggggggggggggggggggggggggggggggggggggggggg
(34:32 / Allies) Demon_Quebecois: gggggggggggggggggggggggggggggggggggggggggggggggggggggggggggggggggggggggggg
(34:36 / Allies) Demon_Quebecois: ggggggggggggggggggggggggggggggggggggggggggggggggggggggggggggggggggggggggggggggggg
(34:40 / Allies) Demon_Quebecois: ggggggggggggggggggggggggggggggggggggggggggggggggggggggggggggggggggggggggggggg
(34:54 / Allies) Demon_Quebecois: i js asked u lil gold for a hall cs u faggot got 4 gold mines
(35:04 / Allies) Demon_Quebecois: n u fucked the shit up faggt
(35:05 / Allies) CCCCCC: you attacked and killed one of my expos
(35:15 / Allies) Demon_Quebecois: cs ur a fag
(35:27 / Allies) CCCCCC: Yo bro this ain't communist dicksuck land
(35:30 / Allies) Demon_Quebecois: wouldnt gimme 300 so js fuck you
(35:30 / Allies) CCCCCC: You gotta earn your gold
(35:50 / Allies) Demon_Quebecois: team game....moron
(35:56 / Allies) CCCCCC: Red wouldn't either because he's a man HE WOPRKS FOR HIS GOLD
(35:58 / All) Blendwerk: free xp ty sir
(36:20 / All) Demon_Quebecois: js screw teal hese a fag......red is using his gold.....
(36:32 / Allies) Demon_Quebecois: well wus doiung something of it
(36:42 / Allies) Demon_Quebecois: u got 16k moron....
(37:05 / Allies) Demon_Quebecois: u wont get a better score....giving some gives a bewtter score toooooooooo morooooooooooon
(37:23 / Allies) CCCCCC: Fuck off you frenchie faggot
(37:30 / Allies) CCCCCC: French socialist fag
(37:35 / Allies) CCCCCC: "givE"
(37:47 / Allies) CCCCCC: how about adding EARN into your lexicon frenchie?
(38:00 / Allies) CCCCCC: I'm American, I vote REpublican
(38:02 / Allies) Demon_Quebecois: ??? if ude need some ida shared with yu too or i could payback moron
(38:06 / Allies) CCCCCC: I'm not about welfare buddy
(38:13 / Allies) CCCCCC: payback lol
(38:14 / Allies) CCCCCC: YEah
(38:18 / Allies) CCCCCC: Tell it to Obama you faggot
(38:28 / Allies) Demon_Quebecois: ?
(38:38 / Allies) Demon_Quebecois: neways ima go smoooking till game ends
(39:24 / All) Blendwerk: bye!
(39:33 / Allies) teafish: ....
(39:49 / Allies) teafish: u are gay
(39:49 / Allies) CCCCCC: tell me something I know that is actually TRUE
(40:04 / All) Demon_Quebecois: n ur a greedy fag moron
(40:08 / Allies) teafish: just finish the game plz
(40:22 / All) Blendwerk: LONG DISTANCE MINING TIME!
(40:48 / Allies) Demon_Quebecois: g
(41:11 / All) CCCCCC: Lord Bird, do you accept Lord Farsanky as your rightful King?
(41:44 / All) LordBird: Lol Chyll out
(41:55 / All) CCCCCC: Lord Bird, do you swear fealty to your rightful King, Lord Farsanky?
(42:36 / All) LordBird: Chill King Ballsaggy
(42:46 / All) CCCCCC: Very well, kanve
(43:51 / All) CCCCCC: You are hereby banished from the realm!
(45:11 / All) Blendwerk: I convinced him to leave
(45:15 / All) Blendwerk: now LordBird can get the loss
(45:19 / All) CCCCCC: great work old bean!
(45:30 / All) CCCCCC: only if my team leaves
(45:42 / All) Blendwerk: I fucked up that tp at the end which sucked, otherwise I could have done a lot more
(47:22 / All) CCCCCC: Leave blue and you get a tie
(47:33 / All) CCCCCC: Lord Bird ought to be punished for his insolence in the face of the true King
(48:13 / All) CCCCCC: send your tanks to help mop up
(50:23 / All) CCCCCC: taking 3/4 expos on our side did wonders lawl
(50:40 / All) CCCCCC: dune worm lawl
(50:48 / All) Blendwerk: it's a sick critter
(50:50 / All) Blendwerk: best one
(50:55 / All) CCCCCC: reference to Dune
(51:12 / All) CCCCCC: the best space opera
(51:16 / All) CCCCCC: if that classifies